 Dungeon Crawl Stone Soup version 0.21-a0-615-g8e08f28 (webtiles) character file.

20 slep the Slasher (level 2, -1/19 HPs)
             Began as an Octopode Gladiator on Dec 23, 2017.
             Slain by a hobgoblin
             ... wielding a +0 club
              (5 damage)
             ... on level 1 of the Dungeon.
             The game lasted 00:00:59 (152 turns).

slep the Slasher (Octopode Gladiator)                Turns: 152, Time: 00:01:00

Health: -1/19      AC:  1    Str: 13    XL:     2   Next: 79%
Magic:  2/2        EV: 14    Int: 10    God:
Gold:   12         SH:  0    Dex: 13    Spells: 1/1 levels left

rFire    . . .     SeeInvis .   a - +0 long sword
rCold    . . .     Gourm    .   (no shield)
rNeg     . . .     Faith    .   b - +0 hat
rPois    .         Spirit   .   (no amulet)
rElec    .         Reflect  .   (no ring)
rCorr    .         Harm     .   (no ring)
MR       .....                  (no ring)
Stlth    ++........             (no ring)
HPRegen  0.06/turn              (no ring)
MPRegen  0.08/turn              (no ring)
                                (no ring)
                                (no ring)

@: no status effects
A: almost no armour, stealthy swim, amphibious, 8 rings, constrict 8, camouflage
1, gelatinous body 1
a: no special abilities


You were on level 1 of the Dungeon.
You were not hungry.

You visited 1 branch of the dungeon, and saw 1 of its levels.

You collected 12 gold pieces.

Inventory:

Hand Weapons
 a - a +0 long sword (weapon)
Missiles
 c - 3 throwing nets (quivered)
Armour
 b - a +0 hat (worn)
Scrolls
 e - a scroll of immolation {unknown}
 f - 2 scrolls of identify {unknown}
Potions
 g - a potion of agility {unknown}
Comestibles
 d - 2 rations


   Skills:
 + Level 2.2 Fighting
 + Level 3.3 Long Blades
 + Level 2.2 Throwing
 + Level 3.2 Dodging
 + Level 0.6 Stealth


You had one spell level left.
You didn't know any spells.

Dungeon Overview and Level Annotations

Branches:
Dungeon (1/15)

Altars:


Innate Abilities, Weirdness & Mutations

You cannot wear most types of armour.
You are very stealthy in the water. (Stealth+)
You are amphibious.
You can wear up to eight rings at the same time.
You can use your tentacles to constrict eight enemies at once.
Your skin changes colour to match your surroundings (Stealth+).
Your rubbery body absorbs attacks. (AC +1, EV +1)


Message History

You hit the rat but do no damage. Your grab misses the rat.
You squeeze the rat.
You kill the rat!
The ball python closely misses you. x2; The hobgoblin barely misses you.
You riposte.
You barely miss the hobgoblin. You grab the hobgoblin.
You squeeze the hobgoblin, but do no damage.
You hit the hobgoblin.
The hobgoblin is moderately wounded.
You constrict the hobgoblin. The ball python barely misses you.
You riposte.
You hit the ball python.
You kill the ball python!
The goblin hits you with a club.
* * * LOW HITPOINT WARNING * * *
The hobgoblin hits you with a club.
* * * LOW HITPOINT WARNING * * *
A goblin comes into view. It is wielding a club.
You completely miss the goblin. Your grab misses the goblin.
You constrict the hobgoblin. The goblin hits you but does no damage.
The hobgoblin hits you with a club.
You die...

#.....#
########..............
### #......g.......
..# ...............
... ...............
... ...............
... )..#.............#
.... ..##.....gg....#
... ........#@.#####
..#### #.# #........#
.......#.# #........#
.##.##.#.## ##.......#
.##.##....## #.......#
.##..###.†.# ##..#####
........#..#####..####
####.................#
#......†...##..#.....


You could see a hobgoblin and 2 goblins.

Vanquished Creatures
  3 dart slugs (D:1)
  A bat (D:1)
  2 goblins (D:1)
  3 hobgoblins (D:1)
  A ball python (D:1)
  A frilled lizard (D:1)
  A kobold (D:1)
  2 rats (D:1)
14 creatures vanquished.

Notes
Turn   | Place    | Note
-------+----------+-------------------------------------------
     0 | D:1      | slep the Octopode Gladiator began the quest for the Orb.
     0 | D:1      | Reached XP level 1. HP: 14/14 MP: 1/1
    90 | D:1      | Reached XP level 2. HP: 19/19 MP: 2/2
   152 | D:1      | Slain by a hobgoblin

Vault maps used:
D:1:      dpeg_arrival_rooms_b

Action                   || total
-------------------------++-------
Melee: Long sword        ||    17
       Constrict         ||    10
       Tentacles         ||     7
 Stab: Sleeping          ||     3
Dodge: Dodged            ||    17
       Rpst.: Long sword ||     5

Table legend:
 A = Spawn XP
 B = Non-spawn XP
 C = Spawn XP percentage of total XP
 D = Spawn monster count
 E = Non-spawn monster count
 F = Spawn count percentage of total count
 G = Total turns spent on level
                    A         B        C        D         E        F      G
               +---------+---------+-------+---------+---------+-------+---------
         Total |       0 |      29 |   0.0 |       0 |      14 |   0.0 |   152
               +---------+---------+-------+---------+---------+-------+---------
           D:1 |       0 |      29 |   0.0 |       0 |      14 |   0.0 |   152
               +---------+---------+-------+---------+---------+-------+---------
